 Dungeon Crawl Stone Soup version 0.15.0-23-gc2b521c (console) character file.

58 gw the Skirmisher (level 3, -2/29 HPs)
             Began as a Demonspawn Fighter on Sept 9, 2014.
             Succumbed to a kobold's poison
             ... on Level 2 of the Dungeon.
             The game lasted 00:01:05 (1805 turns).

gw the Skirmisher (Demonspawn Fighter)              Turns: 1805, Time: 00:01:05

HP  -2/29        AC 12     Str 16      XL: 3   Next: 75%
MP   3/3         EV  2     Int  9      God:
Gold 0           SH  9     Dex 13      Spells:  0 memorised,  2 levels left

rFire  . . .     SeeInvis .     a - +0 flail
rCold  . . .     Clarity  .     l - +0 plate armour
rNeg   . . .     rCorr    .     c - +0 shield
rPois  .         rRot     .     (no helmet)
rElec  .         Spirit   .     (no cloak)
SustAb .         Warding  .     (no gloves)
rMut   .         Stasis   .     (no boots)
Gourm  .                        (no amulet)
MR     .....                    (no ring)
                                (no ring)

@: lethally poisoned, not resistant to hostile enchantments, extremely
unstealthy
A: rugged brown scales 1, powered by death 1
a: no special abilities


You were on level 2 of the Dungeon.
You were not hungry.

You visited 1 branch of the dungeon, and saw 2 of its levels.

Inventory:

Hand weapons
 a - a +0 flail (weapon)
Missiles
 e - 28 stones (quivered)
Armour
 c - a +0 shield (worn)
 l - a +0 plate armour (worn)
Comestibles
 d - 2 bread rations
 h - a meat ration
Scrolls
 b - 2 scrolls of noise {unknown}
 i - a scroll of identify
Potions
 f - a potion of magic {unknown}
 g - a potion of curing {unknown}


   Skills:
 + Level 3.5 Fighting
 * Level 2.4 Maces & Flails
 + Level 0.6 Throwing
 + Level 3.1 Armour
 + Level 3.0 Shields


You had 2 spell levels left.
You didn't know any spells.

Dungeon Overview and Level Annotations

Branches:
Dungeon (2/15)

Altars:


Innate Abilities, Weirdness & Mutations

You are partially covered in rugged brown scales (AC +1, +3% HP).
You can steal the life force of nearby defeated enemies.


Message History

The kobold is almost dead.
You feel sick. The kobold hits you but does no damage.
You are more poisoned.
The kobold hits you with a dagger of venom.
You are more poisoned.
ATTACK MOVE TO (0,1)
You hit the kobold.
You kill the kobold!
You feel very sick.
MOVING TO (0,-1)
You feel sick.
You see here a stone.
ATTACKING (0,1)
You swing at nothing.
You feel very sick.
ATTACKING (0,-1)
You swing at nothing.
You feel sick.
ATTACKING (0,1)
You swing at nothing.
You die...

######............%..............
#..##...########..#.#.......
#..##...# ##..#.#.......
#..##...# #.............
#..##...########..#.#.......
#.....###.........#.#.......
#...........(.........#.....
.......##.#(#####.#...$.....
#...... #6# #.#.#.###### ...
#.#####.#.#.......
#)...$......###### ...######.#.#
# ....# #.#(# # #....# #.#.######
.....# #.......## .[....#
#.......## ..$.### #.#.#.....


There were no monsters in sight!

Table legend:
 A = Turns spent in this place as a percentage of turns spent in the entire game.
 B = Non-inter-level travel turns spent in this place as a percentage of non-inter-level travel turns spent in the entire game.
 C = Inter-level travel turns spent in this place as a percentage of turns spent in this place.
 D = Turns resting spent in this place as a percentage of non-inter-level travel turns spent in this place.
 E = Turns spent auto-exploring this place as a percentage of non-inter-level travel turns spent in this place.
 F = Non-inter-level travel turns spent in this place divided by the number of levels of this place that you've seen.
                   A       B       C       D       E      F
               +-------+-------+-------+-------+-------+----------------------
         Total | 100.0 | 100.0 |   0.7 |   4.8 |  11.5 | 291.0
       Dungeon | 100.0 | 100.0 |   0.7 |   4.8 |  11.5 | 291.0
               +-------+-------+-------+-------+-------+----------------------

Table legend:
 A = Kills in this place as a percentage of kills in entire the game.
 B = Kills by you in this place as a percentage of kills by you in the entire game.
 C = Kills by friends in this place as a percentage of kills by friends in the entire game.
 D = Other kills in this place as a percentage of other kills in the entire game.
 E = Experience gained in this place as a percentage of experience gained in the entire game.
 F = Experience gained in this place divided by the number of levels of this place that you have seen.
                   A       B       C       D       E      F
               +-------+-------+-------+-------+-------+----------------------
         Total | 100.0 | 100.0 |  -nan |  -nan | 100.0 |  41.5
       Dungeon | 100.0 | 100.0 |  -nan |  -nan | 100.0 |  41.5
               +-------+-------+-------+-------+-------+----------------------

Vanquished Creatures
  2 adders (D:2)
  A worm (D:2)
  6 bats
  A giant cockroach (D:2)
  4 goblins
  2 hobgoblins (D:2)
  8 jackals
  7 kobolds
  A quokka (D:2)
  2 giant newts
  3 rats
37 creatures vanquished.

Notes
Turn   | Place    | Note
--------------------------------------------------------------
     0 | D:1      | gw, the Demonspawn Fighter, began the quest for the Orb.
     0 | D:1      | Reached XP level 1. HP: 18/18 MP: 1/1
   237 | D:1      | Gained mutation: You can steal the life force of nearby defeated enemies. [demonic ancestry]
   237 | D:1      | Reached XP level 2. HP: 24/24 MP: 2/2
   812 | D:2      | Gained mutation: You are partially covered in rugged brown scales (AC +1, +3% HP). [demonic ancestry]
   812 | D:2      | Reached XP level 3. HP: 17/29 MP: 3/3
  1804 | D:2      | HP: 1/29 [poisoned by a kobold]
  1805 | D:2      | Succumbed to a kobold's poison

Action                   || total
-------------------------++-------
Melee: Flail             ||   167
Throw: Stone             ||    58
  Use: Scroll            ||     3
       Potion            ||     3
  Eat: Chunk             ||     3

Vault maps used:
D:1:      minmay_arrival_three_doors
D:2:      fiery_altar_vehumet, first_bread
